 Dungeon Crawl Stone Soup version 0.30-a0-702-gdf48620a09 (webtiles) character file.

Game seed: 3252298410519284476

112 Oxelix the Digger (level 4, -2/24 HPs)
             Began as a Gargoyle Earth Elementalist on Jan 21, 2023.
             Slain by an iguana (11 damage)
             ... on level 3 of the Dungeon.
             The game lasted 00:06:27 (2072 turns).

Oxelix the Digger (Gargoyle Earth Elementalist)     Turns: 2072, Time: 00:06:27

Health: -2/24      AC:  6    Str: 12    XL:     4   Next: 95%
Magic:  5/8        EV: 11    Int: 17    God:
Gold:   61         SH:  0    Dex: 10    Spells: 8/9 levels left

rFire   . . .      SeeInvis .    e - +3 short sword
rCold   . . .      Faith    .    f - orb {*Rage}
rNeg    + . .      Spirit   .    a - +0 robe
rPois   ∞          Reflect  .    (no helmet)
rElec   +          Harm     .    (no cloak)
rCorr   .          Rampage  .    (no gloves)
Will    .....      Rage     20%  h - +0 pair of boots
Stlth   ++                       (no amulet)
HPRegen 0.24/turn                (no ring)
MPRegen 0.11/turn                (no ring)

@: no status effects
A: sickness immunity, AC +3, negative energy resistance 1, electricity
resistance, torment resistance 1, petrification resistance
a: no special abilities


You were on level 3 of the Dungeon.
You visited 1 branch of the dungeon, and saw 3 of its levels.

You collected 61 gold pieces.

Inventory:

Hand Weapons
 e - a +3 short sword (weapon)
Armour
 a - a +0 robe (worn)
 f - an orb of wrath (worn)
 h - a +0 pair of boots (worn)
Jewellery
 d - an amulet of guardian spirit
Scrolls
 i - 5 scrolls of identify {unknown}
 k - a scroll of teleportation {unknown}
 l - a scroll of enchant armour {unknown}
Potions
 b - a potion of magic
 c - 2 potions of brilliance {unknown}
 g - 2 potions of lignification {unknown}
 j - a potion of curing {unknown}
 m - a potion of degeneration {unknown}
 n - a potion of berserk rage {unknown}
 o - a potion of cancellation {unknown}


   Skills:
 - Level 1.5 Dodging
 - Level 2.1 Stealth
 + Level 3.0 Spellcasting
 - Level 0.7 Transmutations
 * Level 5.8 Earth Magic


You had 8 spell levels left.
You knew the following spells:

 Your Spells              Type           Power      Damage    Failure   Level
a - Sandblast             Erth           44%        2d11      1%          1

Your spell library contained the following spells:

 Spells                   Type           Power      Damage    Failure   Level
 Passwall                 Tmut/Erth      10%        N/A       7%          2
 Stone Arrow              Conj/Erth      24%        3d8       16%         3
 Petrify                  Tmut/Erth      13%        N/A       41%         4


Dungeon Overview and Level Annotations

Branches:
Dungeon (3/15)

Altars:


Innate Abilities, Weirdness & Mutations

You are immune to sickness and miasma.
Your stone body is resilient. (AC +3)
You are immune to poison.
You resist negative energy. (rN+)
You are resistant to electric shocks. (rElec)
You are resistant to unholy torment.
You are immune to petrification.


Message History

Aiming: Sandblast (safe; 1% risk of failure)
Press: ? - help, Q - select action Shift-Dir - straight line, f - you That would be overly suicidal.
Okay, then.
The blast of sand hits the kobold!
You kill the kobold!
Things that are here:
a +0 whip; 5 poisoned darts; a kobold corpse
Found a stone.
You see here a stone.
Found a stone staircase leading down.
o - a fuming purple potion
There is a stone staircase leading down here.
There is a stone staircase leading down here.
i - 5 scrolls labelled ROLAJO SUIRAF (gained 1)
Found a war axe.
An iguana comes into view.
The iguana hisses angrily.
The blast of sand hits the iguana.
The iguana is moderately wounded.
The blast of sand hits the iguana.
The iguana is heavily wounded.
The iguana barely misses you.
You closely miss the iguana.
The iguana is heavily wounded.
The iguana bites you!
You hit the iguana but do no damage.
The iguana is heavily wounded.
The iguana bites you!
You closely miss the iguana.
The iguana is heavily wounded.
The iguana closely misses you.
You are too injured to fight recklessly!
Aiming: Sandblast (safe; 1% risk of failure)
Press: ? - help, Q - select action Shift-Dir - straight line, f/p - iguana
Aim: an iguana (heavily wounded, 85% to hit)
The blast of sand hits the iguana.
The iguana is severely wounded.
The iguana barely misses you. The iguana bites you!
You die...

.....#############
..........o......#
.......)########.#
#############....########.#######
...........##....... ..#........
...........##.....#####.#..######
...........##.....#<..#)#.)###.##
......l.................))....<..
...........##..l@.#...#.##.#####.
...........##.....#.#.#.#......#.
#...............# #.#.####.#.
#.########......# ..#........
#.......#######.####...
#..#...................
#..#.###########.####.. #..#....#
#.......... #..####.# #.##.####.#


You could see an iguana.

Vanquished Creatures
  An orc wizard (D:3)
  An adder (D:3)
  2 dart slugs (D:1)
  4 orcs (D:3)
  6 ball pythons
  7 bats
  5 endoplasms
  2 goblins
  3 hobgoblins
  11 jackals
  4 quokkas
  12 kobolds
  3 rats
61 creatures vanquished.

Notes
Turn   | Place    | Note
-------+----------+-------------------------------------------
     0 | D:1      | Oxelix the Gargoyle Earth Elementalist began the quest for
                  | the Orb.
     0 | D:1      | Reached XP level 1. HP: 10/10 MP: 3/3
   157 | D:1      | Reached skill level 4 in Earth Magic
   179 | D:1      | Reached XP level 2. HP: 15/15 MP: 1/5
   554 | D:1      | Reached XP level 3. HP: 19/19 MP: 2/6
  1043 | D:2      | Reached skill level 5 in Earth Magic
  1303 | D:2      | Reached XP level 4. HP: 23/24 MP: 0/8
  2072 | D:3      | Slain by an iguana

Illustrated notes

Levels and vault maps discovered:
D:1:      minmay_arrival_open_corners, layout_rooms, patterned_corridor
D:2:      layout_basic
D:3:      layout_basic, marbit_many_paths, okawaru_gym_becter,
          guppyfry_early_lair_pool

Skill      XL: |  1  2  3  4 |
---------------+-------------+-----
Earth Magic    | 4 5 |  5.8
Spellcasting   | 3 |  3.0
Dodging        | |  1.5
Stealth        | |  2.1
Transmutations | |  0.7

Action                   |  1- 3 |  4- 6 || total
-------------------------+-------+-------++-------
Melee: Short sword       |    31 |    11 ||    42
 Cast: Sandblast         |    53 |    20 ||    73
Armor: Robe              |    35 |     4 ||    39
Dodge: Dodged            |    36 |    12 ||    48

Table legend: (Time is in decaauts)
 A = Elapsed time spent in this place.
 B = Non-inter-level travel time spent in this place.
 C = Inter-level travel time spent in this place.
 D = Time resting spent in this place.
 E = Time spent auto-exploring this place.
 F = Levels seen in this place.
 G = Mean time per level.
                   A        B        C        D        E       F      G
               +--------+--------+--------+--------+--------+-----+--------+
         Total |   2162 |   2131 |     31 |    380 |   1215 |   3 |  720.7 |
       Dungeon |   2162 |   2131 |     31 |    380 |   1215 |   3 |  720.7 |
               +--------+--------+--------+--------+--------+-----+--------+

Top non-repeatable levels by time:
     D:1: 998 daAuts
     D:2: 777 daAuts
     D:3: 386 daAuts
